 Dungeon Crawl Stone Soup version 0.29.0-4-gdea44cf6ec (webtiles) character file.

Game seed: 16139931067076282226

24221 qw the Brawler (level 12, -6/118 HPs)
             Began as a Troll Cinder Acolyte on Sept 2, 2022.
             Was a Priest of Okawaru.
             Mangled by a death yak (18 damage)
             ... on level 4 of the Lair of Beasts.
             The game lasted 00:06:37 (10705 turns).

qw the Brawler (Troll Cinder Acolyte)              Turns: 10705, Time: 00:06:37

Health: -6/118     AC:  9    Str: 29    XL:     12   Next: 78%
Magic:  14/14      EV: 14    Int: 10    God:    Okawaru [***...]
Gold:   697        SH:  5    Dex:  5    Spells: 13/13 levels left

rFire   . . .      SeeInvis .     - Unarmed
rCold   . . .      Faith    .   (no shield)
rNeg    + . .      Spirit   .   j - +1 steam dragon scales
rPois   .          Reflect  +   (helmet restricted)
rElec   .          Harm     .   (no cloak)
rCorr   .          Rampage  .   (gloves unavailable)
Will    .....                   (boots unavailable)
Stlth   ++........              n - amulet of reflection
HPRegen 1.09/turn               c - +4 ring of evasion
MPRegen 0.14/turn               o - ring of positive energy

@: about to teleport, heroic, fire susceptible
A: large, unfitting armour, claws 3, regeneration 1, shaggy fur 1, tough skin 1
a: Renounce Religion, Heroism


You were on level 4 of the Lair of Beasts.
You worshipped Okawaru.
Okawaru was most pleased with you.
You visited 3 branches of the dungeon, and saw 13 of its levels.

You collected 697 gold pieces.


Innate Abilities, Weirdness & Mutations

You are too large for most types of armour.
You have claws for hands.
Your natural rate of healing is unusually fast.
You are covered in fur. (AC +1)
You have tough skin. (AC +1)


   Skills:
 - Level 7.0(12.0) Fighting
 - Level 7.0(12.0) Throwing
 - Level 2.0(7.0) Armour
 - Level 2.0(7.0) Dodging
 + Level 17.8(22.8) Unarmed Combat
 - Level 1.0 Spellcasting
 - Level 2.1 Fire Magic
 - Level 4.0 Invocations


You had 13 spell levels left.
You didn't know any spells.
Your spell library contained the following spells:

 Spells                   Type           Power      Damage    Failure   Level
 Scorch                   Fire           8%         2d5       22%         2

Inventory:

Missiles
 a - 2 large rocks (quivered)
 e - a boomerang
Armour
 j - +1 steam dragon scales (worn)
Jewellery
 c - a +4 ring of evasion (left claw)
 k - a ring of fire
 n - an amulet of reflection (around neck)
 o - a ring of positive energy (right claw)
 r - a ring of fire
Scrolls
 g - a scroll of teleportation
 h - 3 scrolls of enchant weapon
 l - 4 scrolls of identify
Potions
 b - a potion of resistance
 d - 2 potions of heal wounds
 f - a potion of mutation
 i - 4 potions of curing
 m - 3 potions of haste
 p - a potion of cancellation

Dungeon Overview and Level Annotations

Branches:
Dungeon (8/15)             Temple (1/1) D:4            Lair (4/5) D:8
 Shoals (0/4) Lair:3        Snake (0/4) Lair:2
  Slime: Lair:4-5

Altars:
Ashenzari
Cheibriados
Dithmenos
Elyvilon
Fedhas
Gozag
Hepliaklqana
Kikubaaqudgha
Makhleb
Okawaru
Qazlal
Ru
Sif Muna
Trog
Uskayaw
Vehumet
Xom
Yredelemnul
Zin
The Shining One

Portals:
Gauntlet: Lair:4

Annotations:
D:1 2 transporters
D:5 1 runed translucent door
D:7 1 runed translucent door, Crazy Yiuf


Message History

The death yak barely misses you. x2; You block the death yak's attack.
You barely miss the death yak.
The death yak is almost dead.
You mangle the death yak!!
You kill the death yak!
Okawaru is honoured by your kill. The death yak gores you.
You mangle the death yak!!
The death yak is heavily wounded.
You mangle the death yak!! You claw the death yak!
The death yak is almost dead.
The death yak gores you but does no damage.
You block the death yak's attack. x2
You mangle the death yak!!
You kill the death yak!
Okawaru accepts your kill. The death yak gores you!
You barely miss the death yak. You mangle the death yak!!
The death yak is heavily wounded.
The death yak closely misses you. The death yak misses you.
The death yak gores you!
You mangle the death yak!! You claw the death yak.
The death yak is almost dead.
You scratch the death yak.
The death yak is almost dead.
The death yak closely misses you.
The death yak gores you but does no damage.
The death yak gores you!!
You scratch the death yak.
You kill the death yak!
Okawaru is honoured by your kill.
Okawaru will now gift you throwing weapons as you gain piety.
You barely miss the death yak. The death yak gores you!!
The death yak closely misses you.
10705 ||| READING 2 scrolls of teleportation.
As you read the scroll of teleportation, it crumbles to dust.
You feel strangely unstable. The death yak gores you! The death yak gores you!!
You die...

Y..# ...# Y.Y.#
.... ... ###.#
###...# #@Y...#
#####%Y.#.##.P
##.............
#.............#
##............#
##............#
#P............#
##.............
#............#


You could see 2 death yaks.

Vanquished Creatures
  A hydra (Lair:2)
  7 death yaks
  5 elephants (Lair:3)
  2 black mambas
  6 cane toads
  Maggie (D:7)
  4 komodo dragons
  3 rime drakes
  An efreet (D:8)
  A polar bear (Lair:1)
  A troll (D:8)
  10 blink frogs
  16 fire elementals
  A wyvern (Lair:2)
  2 basilisks
  28 yaks
  A steam dragon (D:8)
  2 nagas (Lair:2)
  Duvessa (D:7)
  8 water moccasins
  An orc warrior (D:6)
  A sky beast (D:8)
  4 black bears
  2 ice beasts (D:7)
  12 wolves
  An ogre (D:4)
  5 centaurs
  2 phantoms
  4 kobold brigands
  11 bullfrogs
  3 scorpions
  5 wights (D:7)
  Dowan (D:7)
  4 killer bees (D:7)
  4 electric eels
  3 jellies
  7 hounds
  2 gnoll boudas (D:6)
  10 orc priests
  2 iguanas (D:6)
  9 orc wizards
  5 adders
  6 gnolls
  2 shadow imps
  3 white imps
  An ufetubus (D:5)
  A worm (D:2)
  4 dart slugs
  40 orcs
  10 endoplasms
  3 giant cockroaches
  17 hobgoblins
  5 jackals
  21 kobolds
  3 quokkas
  8 ball pythons
  4 bats
  3 frilled lizards
  18 goblins
  2 rats
350 creatures vanquished.

Vanquished Creatures (others)
  A bush (Lair:3)
  8 fungi
  39 plants
48 creatures vanquished.

Grand Total: 398 creatures vanquished

Notes
Turn   | Place    | Note
-------+----------+-------------------------------------------
     0 | D:1      | qw the Troll Cinder Acolyte began the quest for the Orb.
     0 | D:1      | Reached XP level 1. HP: 22/22 MP: 1/1
     0 | D:1      | 0 ||| qw: Version: 0.1-a-97-g2dd2ca4
     0 | D:1      | 0 ||| qw: Game counter: 4960
     0 | D:1      | 0 ||| qw: Always use a shield: true
     0 | D:1      | 0 ||| qw: God list: Okawaru
     0 | D:1      | 0 ||| qw: Allow faded altars: false
     0 | D:1      | 0 ||| qw: Do Orc after D:15 true
     0 | D:1      | 0 ||| qw: Do second Lair branch before Depths: true
     0 | D:1      | 0 ||| qw: Lair rune preference: random
     0 | D:1      | 0 ||| qw: Plans: Normal
     0 | D:1      | 0 ||| PLANNING D:1-11
    74 | D:1      | 74 ||| Stepping ~*~*~tactically~*~*~ (stealth).
    77 | D:1      | 77 ||| Stepping ~*~*~tactically~*~*~ (stealth).
    82 | D:1      | 82 ||| Stepping ~*~*~tactically~*~*~ (stealth).
    84 | D:1      | 84 ||| Stepping ~*~*~tactically~*~*~ (stealth).
    88 | D:1      | 88 ||| Stepping ~*~*~tactically~*~*~ (stealth).
   118 | D:1      | 118 ||| Stepping ~*~*~tactically~*~*~ (stealth).
   119 | D:1      | 119 ||| Stepping ~*~*~tactically~*~*~ (stealth).
   125 | D:1      | 125 ||| Stepping ~*~*~tactically~*~*~ (stealth).
   128 | D:1      | 128 ||| Stepping ~*~*~tactically~*~*~ (stealth).
   131 | D:1      | Reached XP level 2. HP: 29/29 MP: 2/2
   209 | D:1      | 209 ||| Stepping ~*~*~tactically~*~*~ (stealth).
   227 | D:1      | 227 ||| Stepping ~*~*~tactically~*~*~ (outnumbered).
   228 | D:1      | 228 ||| Stepping ~*~*~tactically~*~*~ (outnumbered).
   229 | D:1      | 229 ||| Stepping ~*~*~tactically~*~*~ (outnumbered).
   232 | D:1      | Reached skill level 4 in Unarmed Combat
   341 | D:1      | 341 ||| Stepping ~*~*~tactically~*~*~ (stealth).
   358 | D:1      | 358 ||| Stepping ~*~*~tactically~*~*~ (stealth).
   397 | D:1      | 397 ||| Stepping ~*~*~tactically~*~*~ (stealth).
   404 | D:1      | Reached XP level 3. HP: 36/36 MP: 3/3
   575 | D:1      | 575 ||| READING scroll labelled MOOBAD OMEAW.
   576 | D:1      | 576 ||| READING scroll labelled XAHEDGH POICAJO.
   736 | D:2      | 736 ||| Stepping ~*~*~tactically~*~*~ (hiding).
   748 | D:2      | Found a faded altar of an unknown god.
  1135 | D:2      | 1135 ||| Stepping ~*~*~tactically~*~*~ (stealth).
  1394 | D:2      | 1394 ||| UPGRADING to amulet of reflection.
  1399 | D:2      | 1399 ||| READING scroll labelled XOVAIQ KASH.
  1400 | D:2      | 1400 ||| READING scroll labelled SYAJOFFI NOVOX.
  1401 | D:2      | 1401 ||| READING scroll labelled NISTOI NIECRYGH.
  1402 | D:2      | 1402 ||| READING scroll labelled OLOKKIWUFUY.
  1403 | D:2      | 1403 ||| READING scroll labelled ZIOS VILISS.
  1404 | D:2      | 1404 ||| DRINKING 2 glowing cyan potions.
  1405 | D:2      | 1405 ||| DRINKING 2 murky blue potions.
  1406 | D:2      | 1406 ||| DROPPING potion of magic.
  1407 | D:2      | 1407 ||| DROPPING potion of brilliance.
  1421 | D:3      | 1421 ||| STAIRDANCE
  1434 | D:3      | 1434 ||| STAIRDANCE
  1464 | D:3      | Reached XP level 4. HP: 43/44 MP: 4/4
  1468 | D:3      | Reached skill level 5 in Unarmed Combat
  1599 | D:3      | 1599 ||| Stepping ~*~*~tactically~*~*~ (hiding).
  1767 | D:3      | 1767 ||| Stepping ~*~*~tactically~*~*~ (stealth).
  1768 | D:3      | 1768 ||| Stepping ~*~*~tactically~*~*~ (stealth).
  1770 | D:3      | 1770 ||| Stepping ~*~*~tactically~*~*~ (hiding).
  1772 | D:3      | 1772 ||| Stepping ~*~*~tactically~*~*~ (hiding).
  1993 | D:3      | Noticed a scorpion
  2001 | D:3      | Killed a scorpion
  2002 | D:3      | Reached skill level 6 in Unarmed Combat
  2002 | D:3      | Reached XP level 5. HP: 50/50 MP: 5/5
  2026 | D:3      | 2026 ||| Stepping ~*~*~tactically~*~*~ (stealth).
  2027 | D:3      | 2027 ||| Stepping ~*~*~tactically~*~*~ (stealth).
  2166 | D:3      | 2166 ||| READING scroll labelled FEQ OCZITONEJE.
  2167 | D:3      | 2167 ||| READING scroll labelled MENOTHR ALYFE.
  2168 | D:3      | 2168 ||| READING scroll labelled RAGEWE MYNA.
  2551 | D:4      | 2551 ||| Stepping ~*~*~tactically~*~*~ (stealth).
  2553 | D:4      | 2553 ||| Stepping ~*~*~tactically~*~*~ (outnumbered).
  2554 | D:4      | 2554 ||| Stepping ~*~*~tactically~*~*~ (outnumbered).
  2557 | D:4      | 2557 ||| Stepping ~*~*~tactically~*~*~ (stealth).
  2655 | D:4      | 2655 ||| Stepping ~*~*~tactically~*~*~ (stealth).
  2656 | D:4      | 2656 ||| Stepping ~*~*~tactically~*~*~ (stealth).
  2659 | D:4      | 2659 ||| Stepping ~*~*~tactically~*~*~ (outnumbered).
  2660 | D:4      | 2660 ||| Stepping ~*~*~tactically~*~*~ (outnumbered).
  2663 | D:4      | 2663 ||| Stepping ~*~*~tactically~*~*~ (stealth).
  2713 | D:4      | Reached XP level 6. HP: 59/59 MP: 6/6
  2780 | D:4      | Found a glowing silver altar of Zin.
  2781 | D:4      | Found an ancient bone altar of Kikubaaqudgha.
  2794 | D:4      | Reached skill level 7 in Unarmed Combat
  2818 | D:4      | Found a staircase to the Ecumenical Temple.
  2819 | D:4      | Identified the +7 dagger of Shrieking Terror {drain, *Rage
                  | rF+++ MP+9 Stlth+}
  2856 | D:4      | Found a glowing golden altar of the Shining One.
  3098 | D:4      | 3098 ||| Stepping ~*~*~tactically~*~*~ (stealth).
  3102 | D:4      | Reached skill level 8 in Unarmed Combat
  3161 | D:4      | 3161 ||| UPGRADING to +4 ring of evasion.
  3162 | D:4      | 3162 ||| DROPPING ring of flight.
  3163 | D:4      | 3163 ||| READING scroll labelled WECROS FECIUQ.
  3164 | D:4      | 3164 ||| DRINKING 2 red potions.
  3165 | D:4      | 3165 ||| READING 4 scrolls of identify.
  3165 | D:4      | 3165 ||| IDENTIFYING metallic sapphire potion
  3166 | D:4      | 3166 ||| READING 3 scrolls of identify.
  3166 | D:4      | 3166 ||| IDENTIFYING lumpy emerald potion
  3167 | D:4      | 3167 ||| READING 2 scrolls of identify.
  3167 | D:4      | 3167 ||| IDENTIFYING fuming silvery potion
  3191 | D:5      | Entered Level 5 of the Dungeon
  3206 | D:5      | 3206 ||| Stepping ~*~*~tactically~*~*~ (stealth).
  3209 | D:5      | 3209 ||| Stepping ~*~*~tactically~*~*~ (stealth).
  3210 | D:5      | 3210 ||| Stepping ~*~*~tactically~*~*~ (stealth).
  3219 | D:5      | 3219 ||| INVOKING Fiery Armour.
  3221 | D:5      | Reached skill level 3 in Fighting
  3221 | D:5      | Reached XP level 7. HP: 53/67 MP: 7/7
  3516 | D:5      | 3516 ||| Stepping ~*~*~tactically~*~*~ (hiding).
  3729 | D:5      | 3729 ||| INVOKING Fiery Armour.
  3731 | D:5      | 3731 ||| Stepping ~*~*~tactically~*~*~ (outnumbered).
  3732 | D:5      | 3732 ||| Stepping ~*~*~tactically~*~*~ (outnumbered).
  3733 | D:5      | 3733 ||| Stepping ~*~*~tactically~*~*~ (outnumbered).
  3734 | D:5      | 3734 ||| Stepping ~*~*~tactically~*~*~ (outnumbered).
  3735 | D:5      | 3735 ||| Stepping ~*~*~tactically~*~*~ (outnumbered).
  3736 | D:5      | 3736 ||| Stepping ~*~*~tactically~*~*~ (outnumbered).
  3737 | D:5      | 3737 ||| Stepping ~*~*~tactically~*~*~ (outnumbered).
  3738 | D:5      | 3738 ||| Stepping ~*~*~tactically~*~*~ (hiding).
  3746 | D:5      | Reached skill level 9 in Unarmed Combat
  3869 | D:5      | Found a runed translucent door.
  3964 | D:5      | Reached skill level 1 in Dodging
  4050 | D:5      | 4050 ||| READING 2 scrolls labelled GUCIPE DICIPI.
  4082 | D:5      | 4082 ||| DRINKING 2 fizzy silvery potions.
  4083 | D:5      | 4083 ||| READING 3 scrolls of identify.
  4083 | D:5      | 4083 ||| IDENTIFYING orange potion
  4084 | D:5      | 4084 ||| READING 2 scrolls of identify.
  4084 | D:5      | 4084 ||| IDENTIFYING murky sapphire potion
  4085 | D:5      | 4085 ||| DROPPING potion of degeneration.
  4086 | D:5      | 4086 ||| DROPPING scroll of torment.
  4163 | D:6      | 4163 ||| Stepping ~*~*~tactically~*~*~ (stealth).
  4179 | D:6      | 4179 ||| Stepping ~*~*~tactically~*~*~ (stealth).
  4182 | D:6      | 4182 ||| Stepping ~*~*~tactically~*~*~ (stealth).
  4183 | D:6      | 4183 ||| Stepping ~*~*~tactically~*~*~ (stealth).
  4187 | D:6      | Reached XP level 8. HP: 42/75 MP: 8/8
  4189 | D:6      | 4189 ||| Stepping ~*~*~tactically~*~*~ (stealth).
  4190 | D:6      | 4190 ||| FLEEEEING.
  4195 | D:6      | 4195 ||| FLEEEEING.
  4204 | D:6      | 4204 ||| FLEEEEING.
  4205 | D:6      | 4205 ||| FLEEEEING.
  4206 | D:6      | 4206 ||| FLEEEEING.
  4207 | D:6      | 4207 ||| FLEEEEING.
  4208 | D:6      | 4208 ||| FLEEEEING.
  4209 | D:6      | 4209 ||| FLEEEEING.
  4210 | D:6      | 4210 ||| FLEEEEING.
  4211 | D:6      | 4211 ||| FLEEEEING.
  4212 | D:6      | 4212 ||| FLEEEEING.
  4213 | D:6      | 4213 ||| FLEEEEING.
  4214 | D:6      | 4214 ||| FLEEEEING.
  4215 | D:6      | 4215 ||| STAIRDANCE
  4367 | D:6      | 4367 ||| Stepping ~*~*~tactically~*~*~ (outnumbered).
  4368 | D:6      | 4368 ||| Stepping ~*~*~tactically~*~*~ (outnumbered).
  4369 | D:6      | 4369 ||| Stepping ~*~*~tactically~*~*~ (outnumbered).
  4370 | D:6      | 4370 ||| Stepping ~*~*~tactically~*~*~ (outnumbered).
  4371 | D:6      | 4371 ||| Stepping ~*~*~tactically~*~*~ (outnumbered).
  4372 | D:6      | 4372 ||| Stepping ~*~*~tactically~*~*~ (outnumbered).
  4373 | D:6      | 4373 ||| Stepping ~*~*~tactically~*~*~ (outnumbered).
  4374 | D:6      | 4374 ||| Stepping ~*~*~tactically~*~*~ (outnumbered).
  4376 | D:6      | 4376 ||| Stepping ~*~*~tactically~*~*~ (outnumbered).
  4377 | D:6      | 4377 ||| Stepping ~*~*~tactically~*~*~ (outnumbered).
  4378 | D:6      | 4378 ||| Stepping ~*~*~tactically~*~*~ (outnumbered).
  4381 | D:6      | Reached skill level 1 in Throwing
  4381 | D:6      | 4381 ||| Stepping ~*~*~tactically~*~*~ (outnumbered).
  4382 | D:6      | 4382 ||| Stepping ~*~*~tactically~*~*~ (outnumbered).
  4383 | D:6      | 4383 ||| Stepping ~*~*~tactically~*~*~ (outnumbered).
  4384 | D:6      | 4384 ||| Stepping ~*~*~tactically~*~*~ (outnumbered).
  4387 | D:6      | 4387 ||| Stepping ~*~*~tactically~*~*~ (outnumbered).
  4388 | D:6      | 4388 ||| Stepping ~*~*~tactically~*~*~ (outnumbered).
  4390 | D:6      | 4390 ||| Stepping ~*~*~tactically~*~*~ (outnumbered).
  4397 | D:6      | 4397 ||| INVOKING Fiery Armour.
  4402 | D:6      | HP: 17/71 [gnoll bouda/+0 whip (1)]
  4403 | D:6      | 4403 ||| DRINKING 3 potions of heal wounds.
  4406 | D:6      | Reached skill level 10 in Unarmed Combat
  4407 | D:6      | 4407 ||| FLEEEEING.
  4408 | D:6      | 4408 ||| FLEEEEING.
  4409 | D:6      | 4409 ||| FLEEEEING.
  4410 | D:6      | 4410 ||| FLEEEEING.
  4411 | D:6      | 4411 ||| FLEEEEING.
  4412 | D:6      | 4412 ||| FLEEEEING.
  4413 | D:6      | 4413 ||| FLEEEEING.
  4414 | D:6      | 4414 ||| FLEEEEING.
  4415 | D:6      | 4415 ||| FLEEEEING.
  4416 | D:6      | 4416 ||| FLEEEEING.
  4417 | D:6      | 4417 ||| STAIRDANCE
  4477 | D:5      | 4477 ||| READING 2 scrolls of identify.
  4477 | D:5      | 4477 ||| IDENTIFYING clear potion
  4478 | D:5      | 4478 ||| DROPPING potion of ambrosia.
  4529 | D:6      | 4529 ||| Stepping ~*~*~tactically~*~*~ (hiding).
  4531 | D:6      | 4531 ||| Stepping ~*~*~tactically~*~*~ (hiding).
  4533 | D:6      | 4533 ||| Stepping ~*~*~tactically~*~*~ (hiding).
  4540 | D:6      | 4540 ||| FLEEEEING.
  4541 | D:6      | 4541 ||| FLEEEEING.
  4543 | D:6      | 4543 ||| Stepping ~*~*~tactically~*~*~ (stealth).
  4578 | D:6      | 4578 ||| Stepping ~*~*~tactically~*~*~ (hiding).
  4595 | D:6      | 4595 ||| Stepping ~*~*~tactically~*~*~ (outnumbered).
  4707 | D:6      | 4707 ||| Stepping ~*~*~tactically~*~*~ (stealth).
  4844 | D:6      | Found a hazy altar of Hepliaklqana.
  4844 | D:6      | Found a broken altar of Ashenzari.
  4845 | D:6      | 4845 ||| INVOKING Fiery Armour.
  4925 | D:6      | Reached skill level 11 in Unarmed Combat
  4925 | D:6      | Found a snail-covered altar of Cheibriados.
  5054 | D:6      | 5054 ||| READING scroll labelled GAERYL XAIFF.
  5084 | D:7      | Noticed Maggie
  5085 | D:7      | 5085 ||| Stepping ~*~*~tactically~*~*~ (hiding).
  5094 | D:7      | Killed Maggie
  5095 | D:7      | Reached XP level 9. HP: 48/84 MP: 9/9
  5161 | D:7      | 5161 ||| INVOKING Fiery Armour.
  5166 | D:7      | 5166 ||| Stepping ~*~*~tactically~*~*~ (outnumbered).
  5170 | D:7      | 5170 ||| Stepping ~*~*~tactically~*~*~ (outnumbered).
  5177 | D:7      | Reached skill level 12 in Unarmed Combat
  5284 | D:7      | 5284 ||| Stepping ~*~*~tactically~*~*~ (outnumbered).
  5315 | D:7      | 5315 ||| Stepping ~*~*~tactically~*~*~ (hiding).
  5331 | D:7      | 5331 ||| FLEEEEING.
  5332 | D:7      | 5332 ||| FLEEEEING.
  5333 | D:7      | 5333 ||| FLEEEEING.
  5334 | D:7      | 5334 ||| FLEEEEING.
  5335 | D:7      | 5335 ||| FLEEEEING.
  5336 | D:7      | 5336 ||| FLEEEEING.
  5337 | D:7      | 5337 ||| FLEEEEING.
  5338 | D:7      | 5338 ||| FLEEEEING.
  5339 | D:7      | 5339 ||| FLEEEEING.
  5449 | D:7      | Noticed Dowan
  5450 | D:7      | Noticed Duvessa
  5451 | D:7      | 5451 ||| INVOKING Fiery Armour.
  5454 | D:7      | Killed Dowan
  5461 | D:7      | Killed Duvessa
  5462 | D:7      | Reached skill level 13 in Unarmed Combat
  5897 | D:7      | Found a basalt altar of Yredelemnul.
  6035 | D:7      | 6035 ||| FLEEEEING.
  6036 | D:7      | 6036 ||| FLEEEEING.
  6065 | D:7      | Found a runed translucent door.
  6066 | D:7      | Noticed Crazy Yiuf
  6213 | D:7      | 6213 ||| UPGRADING to +0 steam dragon scales.
  6223 | D:7      | 6223 ||| DROPPING +0 robe.
  6224 | D:7      | 6224 ||| READING scroll of enchant armour.
  6224 | D:7      | 6224 ||| ENCHANTING +0 steam dragon scales.
  6225 | D:7      | 6225 ||| READING 2 scrolls of identify.
  6225 | D:7      | 6225 ||| IDENTIFYING bubbling dark potion
  6226 | D:7      | 6226 ||| DROPPING potion of berserk rage.
  6275 | D:8      | 6275 ||| Stepping ~*~*~tactically~*~*~ (outnumbered).
  6291 | D:8      | Reached skill level 1 in Armour
  6291 | D:8      | Reached XP level 10. HP: 95/96 MP: 10/10
  6385 | D:8      | 6385 ||| Stepping ~*~*~tactically~*~*~ (hiding).
  6388 | D:8      | 6388 ||| Stepping ~*~*~tactically~*~*~ (hiding).
  6510 | D:8      | 6510 ||| INVOKING Fiery Armour.
  6511 | D:8      | Found a staircase to the Lair.
  6518 | D:8      | 6518 ||| Stepping ~*~*~tactically~*~*~ (outnumbered).
  6519 | D:8      | 6519 ||| Stepping ~*~*~tactically~*~*~ (outnumbered).
  6534 | D:8      | Reached skill level 3 in Throwing
  6563 | D:8      | 6563 ||| FLEEEEING.
  6564 | D:8      | 6564 ||| FLEEEEING.
  6565 | D:8      | 6565 ||| FLEEEEING.
  6566 | D:8      | 6566 ||| FLEEEEING.
  6567 | D:8      | 6567 ||| FLEEEEING.
  6615 | D:8      | HP: 23/96 [efreet/+1 scimitar of flaming (2)]
  6616 | D:8      | 6616 ||| READING scroll of teleportation.
  6617 | D:8      | 6617 ||| DRINKING 3 potions of heal wounds.
  6629 | D:8      | 6629 ||| INVOKING Fiery Armour.
  6631 | D:8      | 6631 ||| FLEEEEING.
  6981 | D:8      | 6981 ||| PLANNING LAIR
  7006 | Lair:1   | Entered Level 1 of the Lair of Beasts
  7042 | Lair:1   | You fall into a shaft and drop 1 floor!
  7050 | Lair:1   | 7050 ||| INVOKING Fiery Armour.
  7056 | Lair:1   | 7056 ||| Stepping ~*~*~tactically~*~*~ (outnumbered).
  7057 | Lair:1   | 7057 ||| Stepping ~*~*~tactically~*~*~ (outnumbered).
  7058 | Lair:1   | 7058 ||| Stepping ~*~*~tactically~*~*~ (outnumbered).
  7318 | Lair:1   | Reached skill level 14 in Unarmed Combat
  7339 | Lair:1   | 7339 ||| Stepping ~*~*~tactically~*~*~ (stealth).
  7341 | Lair:1   | 7341 ||| INVOKING Fiery Armour.
  7357 | Lair:1   | Reached skill level 6 in Fighting
  7407 | Lair:1   | Noticed a cane toad
  7416 | Lair:1   | Killed a cane toad
  7417 | Lair:1   | Reached skill level 6 in Throwing
  7417 | Lair:1   | Reached XP level 11. HP: 91/105 MP: 11/11
  7776 | Lair:1   | 7776 ||| UPGRADING to ring of positive energy.
  7777 | Lair:1   | 7777 ||| READING scroll labelled KUVATA VYSER.
  7778 | Lair:1   | 7778 ||| READING 2 scrolls of identify.
  7778 | Lair:1   | 7778 ||| IDENTIFYING fuming clear potion
  7779 | Lair:1   | 7779 ||| DROPPING potion of attraction.
  7780 | Lair:1   | 7780 ||| Stepping randomly (stuck).
  7781 | Lair:1   | 7781 ||| Stepping ~*~*~tactically~*~*~ (cloud).
  7835 | Lair:2   | Found a staircase to the Snake Pit.
  7836 | Lair:2   | 7836 ||| Stepping ~*~*~tactically~*~*~ (hiding).
  7847 | Lair:2   | 7847 ||| Stepping ~*~*~tactically~*~*~ (hiding).
  7919 | Lair:2   | 7919 ||| Stepping ~*~*~tactically~*~*~ (stealth).
  7926 | Lair:2   | Noticed a four-headed hydra
  7927 | Lair:2   | 7927 ||| INVOKING Fiery Armour.
  7929 | Lair:2   | Killed a six-headed hydra
  7930 | Lair:2   | Reached skill level 15 in Unarmed Combat
  7949 | Lair:2   | 7949 ||| Stepping ~*~*~tactically~*~*~ (stealth).
  7950 | Lair:2   | 7950 ||| Stepping ~*~*~tactically~*~*~ (stealth).
  7953 | Lair:2   | 7953 ||| Stepping ~*~*~tactically~*~*~ (stealth).
  8025 | Lair:2   | 8025 ||| Stepping ~*~*~tactically~*~*~ (outnumbered).
  8026 | Lair:2   | 8026 ||| Stepping ~*~*~tactically~*~*~ (outnumbered).
  8027 | Lair:2   | 8027 ||| Stepping ~*~*~tactically~*~*~ (outnumbered).
  8028 | Lair:2   | 8028 ||| Stepping ~*~*~tactically~*~*~ (outnumbered).
  8029 | Lair:2   | 8029 ||| Stepping ~*~*~tactically~*~*~ (outnumbered).
  8030 | Lair:2   | 8030 ||| Stepping ~*~*~tactically~*~*~ (outnumbered).
  8139 | Lair:2   | 8139 ||| Stepping ~*~*~tactically~*~*~ (outnumbered).
  8140 | Lair:2   | 8140 ||| Stepping ~*~*~tactically~*~*~ (outnumbered).
  8141 | Lair:2   | 8141 ||| Stepping ~*~*~tactically~*~*~ (outnumbered).
  8144 | Lair:2   | 8144 ||| Stepping ~*~*~tactically~*~*~ (outnumbered).
  8145 | Lair:2   | 8145 ||| Stepping ~*~*~tactically~*~*~ (outnumbered).
  8146 | Lair:2   | 8146 ||| Stepping ~*~*~tactically~*~*~ (outnumbered).
  8147 | Lair:2   | 8147 ||| Stepping ~*~*~tactically~*~*~ (outnumbered).
  8148 | Lair:2   | 8148 ||| Stepping ~*~*~tactically~*~*~ (outnumbered).
  8149 | Lair:2   | 8149 ||| Stepping ~*~*~tactically~*~*~ (outnumbered).
  8150 | Lair:2   | 8150 ||| Stepping ~*~*~tactically~*~*~ (outnumbered).
  8162 | Lair:2   | Reached skill level 16 in Unarmed Combat
  8195 | Lair:2   | 8195 ||| INVOKING Fiery Armour.
  8196 | Lair:2   | 8196 ||| Stepping ~*~*~tactically~*~*~ (outnumbered).
  8197 | Lair:2   | 8197 ||| Stepping ~*~*~tactically~*~*~ (outnumbered).
  8198 | Lair:2   | 8198 ||| Stepping ~*~*~tactically~*~*~ (outnumbered).
  8199 | Lair:2   | 8199 ||| Stepping ~*~*~tactically~*~*~ (outnumbered).
  8200 | Lair:2   | 8200 ||| Stepping ~*~*~tactically~*~*~ (stealth).
  8202 | Lair:2   | 8202 ||| FLEEEEING.
  8203 | Lair:2   | 8203 ||| FLEEEEING.
  8204 | Lair:2   | 8204 ||| FLEEEEING.
  8215 | Lair:2   | 8215 ||| FLEEEEING.
  8216 | Lair:2   | 8216 ||| FLEEEEING.
  8217 | Lair:2   | 8217 ||| FLEEEEING.
  8218 | Lair:2   | 8218 ||| FLEEEEING.
  8219 | Lair:2   | 8219 ||| FLEEEEING.
  8282 | Lair:2   | 8282 ||| Stepping ~*~*~tactically~*~*~ (stealth).
  8360 | Lair:2   | 8360 ||| INVOKING Fiery Armour.
  8529 | Lair:2   | 8529 ||| PLANNING TEMPLE
  8529 | Lair:2   | 8529 ||| READING scroll labelled CENEXU NOXEES.
  8682 | Temple   | Entered the Ecumenical Temple
  8738 | Temple   | 8738 ||| PLANNING CONVERSION TO OKAWARU
  8745 | Temple   | Fell from the grace of Ignis
  8745 | Temple   | Became a worshipper of Warmaster Okawaru
  8746 | Temple   | 8746 ||| PLANNING LAIR
  8981 | Lair:2   | 8981 ||| Stepping ~*~*~tactically~*~*~ (outnumbered).
  9161 | Lair:2   | 9161 ||| READING 2 scrolls of identify.
  9161 | Lair:2   | 9161 ||| IDENTIFYING sedimented cyan potion
  9162 | Lair:2   | 9162 ||| DROPPING potion of lignification.
  9182 | Lair:3   | Reached XP level 12. HP: 112/118 MP: 12/12
  9229 | Lair:3   | 9229 ||| Stepping ~*~*~tactically~*~*~ (outnumbered).
  9294 | Lair:3   | Found a staircase to the Shoals.
  9518 | Lair:3   | 9518 ||| Stepping ~*~*~tactically~*~*~ (outnumbered).
  9547 | Lair:3   | Noticed a death yak
  9561 | Lair:3   | Reached * piety under Okawaru
  9570 | Lair:3   | 9570 ||| FLEEEEING.
  9571 | Lair:3   | 9571 ||| FLEEEEING.
  9576 | Lair:3   | Reached skill level 1 in Invocations
  9599 | Lair:3   | Noticed a death yak
  9601 | Lair:3   | Noticed a death yak
  9602 | Lair:3   | 9602 ||| INVOKING Heroism.
  9629 | Lair:3   | 9629 ||| INVOKING Heroism.
  9645 | Lair:3   | 9645 ||| INVOKING Heroism.
  9669 | Lair:3   | 9669 ||| INVOKING Heroism.
  9672 | Lair:3   | 9672 ||| Stepping ~*~*~tactically~*~*~ (outnumbered).
  9676 | Lair:3   | Killed a death yak
  9680 | Lair:3   | Killed a death yak
  9704 | Lair:3   | 9704 ||| INVOKING Heroism.
  9705 | Lair:3   | 9705 ||| Stepping ~*~*~tactically~*~*~ (outnumbered).
  9707 | Lair:3   | Killed a death yak
  9708 | Lair:3   | Reached skill level 3 in Invocations
  9779 | Lair:3   | 9779 ||| FLEEEEING.
  9781 | Lair:3   | 9781 ||| FLEEEEING.
  9782 | Lair:3   | 9782 ||| FLEEEEING.
  9783 | Lair:3   | 9783 ||| FLEEEEING.
  9784 | Lair:3   | 9784 ||| STAIRDANCE
  9864 | Lair:3   | Reached ** piety under Okawaru
  9976 | Lair:3   | 9976 ||| INVOKING Heroism.
  9987 | Lair:3   | Reached skill level 17 in Unarmed Combat
 10045 | Lair:3   | 10045 ||| INVOKING Heroism.
 10199 | Lair:3   | 10199 ||| INVOKING Heroism.
 10205 | Lair:3   | HP: 25/118 [fire elemental[the fiery vengeance of Ignis]
                  | (14)]
 10206 | Lair:3   | 10206 ||| READING 3 scrolls of teleportation.
 10206 | Lair:3   | HP: 9/118 [fire elemental[the fiery vengeance of Ignis]
                  | (11)]
 10207 | Lair:3   | 10207 ||| DRINKING 4 potions of heal wounds.
 10208 | Lair:3   | 10208 ||| DRINKING 3 potions of heal wounds.
 10485 | Lair:4   | 10485 ||| PLANNING GAUNTLET
 10488 | Lair:4   | 10488 ||| STAIRDANCE
 10536 | Lair:4   | 10536 ||| INVOKING Heroism.
 10542 | Lair:4   | 10542 ||| STAIRDANCE
 10678 | Lair:4   | Found a gate leading to a gauntlet.
 10678 | Lair:4   | Noticed a death yak
 10678 | Lair:4   | Noticed a death yak
 10678 | Lair:4   | Noticed a death yak
 10678 | Lair:4   | Noticed a death yak
 10679 | Lair:4   | 10679 ||| INVOKING Heroism.
 10680 | Lair:4   | Noticed a death yak
 10680 | Lair:4   | Noticed a death yak
 10681 | Lair:4   | 10681 ||| Stepping ~*~*~tactically~*~*~ (stealth).
 10682 | Lair:4   | 10682 ||| Stepping ~*~*~tactically~*~*~ (stealth).
 10688 | Lair:4   | Killed a death yak
 10695 | Lair:4   | Killed a death yak
 10698 | Lair:4   | Killed a death yak
 10703 | Lair:4   | Killed a death yak
 10703 | Lair:4   | Reached *** piety under Okawaru
 10704 | Lair:4   | HP: 21/118 [death yak (20)]
 10705 | Lair:4   | 10705 ||| READING 2 scrolls of teleportation.
 10705 | Lair:4   | Mangled by a death yak

Levels and vault maps discovered:
D:1:      spicycebolla_arrival_transporter_tutorial, layout_basic,
          chequers_serial_rivers_marsh, minmay_misc_feat_four_crosses,
          minmay_split_cup_large
D:2:      layout_loops_ring, chequers_ecumenical_altar_simple, serial_forest,
          infiniplex_forest_straight_5, infiniplex_forest_lined_3,
          infiniplex_forest_end_3, infiniplex_forest_clump_small,
          infiniplex_forest_clump_long, infiniplex_forest_fountain,
          infiniplex_forest_end_2, infiniplex_forest_clump_double,
          infiniplex_forest_straight_3
D:3:      layout_rooms, kennysheep_flooded_box
D:4:      corexii_shantytown, layout_basic, kennysheep_mini_moat,
          nicolae_overflow_squiral
D:5:      layout_basic, lightli_church_of_beogh
D:6:      layout_cave_pools, lemuel_round_altar,
          gammafunk_temple_overflow_pools, minmay_quadrilaterals
D:7:      layout_basic, mainiacjoe_overflow_alcove_2, uniq_maggie,
          uniq_crazy_yiuf_cottage, uniq_duvessa
D:8:      layout_basic, erik_lair_island
Temple:   nicolae_temple_bog_church
Lair:1:   layout_chaotic_city, st_stairs_4, beast_lair_carwin_2,
          infiniplex_staircase_pool_2, grunt_megastairs_5
Lair:2:   layout_big_grid, guppyfry_snake_entry_garden, grunt_megastairs_2
Lair:3:   layout_chaotic_city, minmay_shoals_entry_centaurs,
          nicolae_lair_grazing_beasts [nicolae_sub_lair_graze_edge,
          nicolae_sub_lair_graze_edge, nicolae_sub_lair_graze_edge,
          nicolae_sub_lair_graze_edge]
Lair:4:   layout_roguey, dpeg_slime_entry_corner, gauntlet_entry_generic

Skill      XL: |  1  2  3  4  5  6  7  8  9 10 11 12 |
---------------+-------------------------------------+-----
Unarmed Combat | 4 6 8 9 11 13 14 16 17 | 17.8
Fighting       | 3 4 5 6 7 |  7.0
Dodging        | 1 2 |  2.0
Throwing       | 1 6 7 |  7.0
Armour         | 1 2 |  2.0
Invocations    | 4 |  4.0
Spellcasting   | |  1.0
Fire Magic     | |  2.1

Action                   |  1- 3 |  4- 6 |  7- 9 | 10-12 || total
-------------------------+-------+-------+-------+-------++-------
Melee: Unarmed           |   102 |   162 |   281 |   424 ||   969
       Punch             |     1 |     1 |     7 |    38 ||    47
Throw: Boomerang         |    17 |    54 |    37 |    30 ||   138
       Large rock        |       |       |       |    41 ||    41
Invok: Fiery Armour      |       |     1 |     5 |     7 ||    13
       Heroism           |       |       |       |    10 ||    10
  Use: Scroll            |     7 |     7 |     7 |     7 ||    28
       Potion            |     2 |     1 |     2 |     3 ||     8
Armor: Robe              |    33 |    34 |    44 |       ||   111
       Steam dragon scal |       |       |     3 |   129 ||   132
Dodge: Dodged            |    35 |    39 |   133 |   190 ||   397
Block: Other             |       |    30 |    44 |    85 ||   159
       Reflection        |       |       |     3 |       ||     3

Table legend:
 A = Non-vault XP
 B = Vault XP
 C = Vault XP percentage of total XP
 D = Non-vault monster count
 E = Vault monster count
 F = Vault count percentage of total count
                 A         B        C        D         E       F
            +---------+---------+-------+---------+---------+-------
      Total |   21136 |   13466 |  38.9 |     240 |      94 |  28.1
            +---------+---------+-------+---------+---------+-------
        D:1 |      42 |       5 |  10.6 |      25 |       4 |  13.8
        D:2 |      40 |       0 |   0.0 |      14 |       0 |   0.0
        D:3 |     165 |       0 |   0.0 |      25 |       0 |   0.0
        D:4 |     362 |     104 |  22.3 |      14 |      30 |  68.2
        D:5 |     538 |       0 |   0.0 |      24 |       0 |   0.0
        D:6 |    1169 |     302 |  20.5 |      30 |       6 |  16.7
        D:7 |    2045 |     625 |  23.4 |      30 |       3 |   9.1
        D:8 |    1167 |     919 |  44.1 |      21 |       9 |  30.0
     Lair:1 |    3511 |    1820 |  34.1 |      16 |       9 |  36.0
     Lair:2 |    5470 |    3534 |  39.2 |      20 |      17 |  45.9
     Lair:3 |    2462 |    6157 |  71.4 |      14 |      16 |  53.3
     Lair:4 |    4165 |       0 |   0.0 |       7 |       0 |   0.0
            +---------+---------+-------+---------+---------+-------
